 Dungeon Crawl Stone Soup version 0.22.0-21-g8bd1b0a (webtiles) character file.

281 AverageBear the Cutter (level 6, -2/36 HPs)
             Began as a Deep Elf Fighter on Aug 20, 2018.
             Succumbed to poison (poison gas)
             ... on level 4 of the Dungeon.
             The game lasted 00:04:00 (3951 turns).

AverageBear the Cutter (Deep Elf Fighter)           Turns: 3951, Time: 00:04:01

Health: -2/36      AC:  7    Str: 15    XL:     6   Next: 6%
Magic:  8/8        EV: 10    Int: 13    God:
Gold:   179        SH:  4    Dex: 14    Spells: 5/5 levels left

rFire    . . .     SeeInvis .   k - +0 dagger (venom)
rCold    . . .     Gourm    .   l - +0 buckler
rNeg     . . .     Faith    .   b - +0 scale mail
rPois    .         Spirit   .   p - +0 helmet
rElec    .         Reflect  .   (no cloak)
rCorr    .         Harm     .   (no gloves)
MR       .....                  (no boots)
Stlth    ..........             r - amulet of the acrobat
HPRegen  0.12/turn              h - ring of attention (curse)
MPRegen  0.11/turn              t - +3 ring of slaying

@: lethally poisoned (-2 -> -52), drained
A: no striking features
a: no special abilities


You were on level 4 of the Dungeon.
You were not hungry.

You visited 1 branch of the dungeon, and saw 4 of its levels.

You collected 179 gold pieces.

Inventory:

Hand Weapons
 a - a +0 rapier
 k - a +0 dagger of venom (weapon)
Armour
 b - a +0 scale mail (worn)
 c - a +0 shield
 l - a +0 buckler (worn)
 p - a +0 helmet (worn)
Jewellery
 h - a cursed ring of attention (left hand)
 o - an uncursed ring of protection from magic
 r - an amulet of the acrobat (around neck)
 t - a +3 ring of slaying (right hand)
Wands
 n - a wand of digging (13)
Scrolls
 q - a scroll of fear
 s - a scroll of teleportation
 v - 3 scrolls of identify
 w - 2 scrolls of remove curse
Potions
 d - 2 potions of might
 e - 2 potions of heal wounds
 m - 3 potions of resistance
Comestibles
 f - 7 rations


   Skills:
 - Level 2.4(1.9) Fighting
 - Level 5.4(4.9) Short Blades
 - Level 2.4(1.9) Armour
 + Level 3.7(3.2) Dodging
 - Level 2.4(1.9) Shields


You had 5 spell levels left.
You didn't know any spells.
Your spell library contained the following spells:

 Spells                   Type           Power        Failure   Level  Hunger
 Magic Dart               Conj           #...         85%         1    ##.....
 Searing Ray              Conj           #.....       94%         2    ###....
 Dazzling Spray           Conj/Hex       #.....       99%         3    ####...
 Force Lance              Conj/Tloc      #.......     100%        4    #####..
 Fulminant Prism          Conj/Hex       #.........   100%        4    #####..
 Iskenderun's Mystic Bla  Conj           #.......     100%        4    #####..


Dungeon Overview and Level Annotations

Branches:
Dungeon (4/15)
 Temple: D:4-7

Altars:
Cheibriados
Dithmenos
Nemelex Xobeh
Qazlal
Yredelemnul

Annotations:
D:4 1 transporter


Message History

You are lethally poisoned!
You feel sick. The ogre zombie closely misses you.
The gnoll sergeant zombie closely misses you.
You are engulfed in poison gas.
You are more poisoned.
You feel very sick.
The gnoll sergeant zombie completely misses you.
You are engulfed in poison gas.
You are more poisoned.
* * * LOW HITPOINT WARNING * * *
You feel very sick. The ogre zombie completely misses you.
* * * LOW HITPOINT WARNING * * *
You feel very sick. The gnoll sergeant zombie misses you.
* * * LOW HITPOINT WARNING * * *
You feel very sick.
The gnoll sergeant zombie barely misses you.
You see here 15 gold pieces.
You now have 179 gold pieces (gained 15).
You die...

### #.. #####
#.# ##...#
#.#
#....###.#
##)©......#
###########.#
#.§§(©!§§§#.#
#§§§@[$§§§#.#
#§§§...§§§#.#
#§§§Z§Z§§§#.#
#§§§§§.§.§#.#
####§§§####.#
#.§...§.#..#
#§§#.#§§#..#
#.§...§§#..#
#.§#©#§§#..#


You could see a gnoll sergeant zombie and an ogre zombie.

Vanquished Creatures
  2 scorpions (D:4)
  An iguana (D:4)
  2 worker ants (D:4)
  3 adders
  2 worms
  3 dart slugs
  2 leopard geckos
  7 orcs
  4 bats
  3 giant cockroaches
  12 goblins
  5 hobgoblins
  2 jackals (D:1)
  7 kobolds
  A quokka (D:3)
  4 frilled lizards
  6 rats
66 creatures vanquished.

Notes
Turn   | Place    | Note
-------+----------+-------------------------------------------
     0 | D:1      | AverageBear the Deep Elf Fighter began the quest for the Orb.
     0 | D:1      | Reached XP level 1. HP: 13/13 MP: 3/3
   137 | D:1      | Reached XP level 2. HP: 18/18 MP: 4/4
   425 | D:1      | Reached skill level 3 in Short Blades
   847 | D:2      | Reached XP level 3. HP: 6/22 MP: 5/5
  1710 | D:2      | Reached skill level 4 in Short Blades
  1767 | D:2      | Found a sparkling altar of Nemelex Xobeh.
  2228 | D:3      | Reached XP level 4. HP: 27/27 MP: 6/6
  2351 | D:3      | Found a shadowy altar of Dithmenos.
  2924 | D:4      | Reached skill level 5 in Short Blades
  2924 | D:4      | Reached XP level 5. HP: 28/31 MP: 7/7
  2935 | D:4      | Reached skill level 1 in Dodging
  3190 | D:4      | Found a snail-covered altar of Cheibriados.
  3312 | D:4      | HP: 1/31 [iguana (5)]
  3313 | D:4      | Reached XP level 6. HP: 1/36 MP: 8/8
  3618 | D:4      | Found a basalt altar of Yredelemnul.
  3619 | D:4      | Found a stormy altar of Qazlal.
  3697 | D:4      | Found a transporter.
  3716 | D:4      | Found a transporter.
  3951 | D:4      | Succumbed to poison (poison gas)

Skill      XL: |  1  2  3  4  5 |
---------------+----------------+-----
Short Blades   | 3 4 5 |  5.4
Dodging        | 3 |  3.7
Fighting       | |  2.4
Armour         | |  2.4
Shields        | |  2.4

Action                   |  1- 3 |  4- 6 || total
-------------------------+-------+-------++-------
Melee: Rapier            |    20 |       ||    20
       Dagger            |   103 |   138 ||   241
  Use: Scroll            |     3 |     2 ||     5
       Potion            |       |     4 ||     4
  Eat: Chunk             |     3 |     5 ||     8
       Ration            |       |     1 ||     1
Armor: Scale mail        |    37 |    41 ||    78
Dodge: Dodged            |    23 |    47 ||    70
Block: Shield            |     8 |       ||     8
       Buckler           |    17 |    25 ||    42
